 Dungeon Crawl Stone Soup version 0.29-a0-341-g24ffce5b50 (webtiles) character file.

Game seed: 8156334883488380337

679 Jortsu the Cudgeller (level 7, -4/67 HPs)
             Began as a Troll Fighter on Apr 20, 2022.
             Was a Believer of Nemelex Xobeh.
             Splashed by a jelly's acid (6 damage)
             ... on level 5 of the Dungeon.
             The game lasted 00:04:45 (3443 turns).

Jortsu the Cudgeller (Troll Fighter)                Turns: 3443, Time: 00:04:46

Health: -4/67      AC:  4    Str: 27    XL:     7   Next: 34%
Magic:  6/6        EV:  9    Int:  9    God:    Nemelex Xobeh [**....]
Gold:   237        SH: 13    Dex:  9    Spells: 6/6 levels left

rFire   . . .      SeeInvis .   a - +1 flail
rCold   . . .      Faith    .   c - +0 kite shield
rNeg    . . .      Spirit   .   b - +0 robe
rPois   .          Reflect  +   (helmet restricted)
rElec   +          Harm     .   (no cloak)
rCorr   .          Rampage  .   (gloves unavailable)
Will    .....      NoTele   +   (boots unavailable)
Stlth   +.........              l - amulet "Seotyzer" {Reflect -Tele rElec Int+5 SH+5}
HPRegen 1.01/turn               (no ring)
MPRegen 0.10/turn               (no ring)

@: no status effects
A: large, unfitting armour, claws 3, regeneration 1, shaggy fur 1, tough skin 1
a: Renounce Religion, Draw Escape, Draw Destruction, Draw Summoning


You were on level 5 of the Dungeon.
You worshipped Nemelex Xobeh.
Nemelex Xobeh was pleased with you.
You visited 1 branch of the dungeon, and saw 5 of its levels.

You collected 237 gold pieces.

Inventory:

Hand Weapons
 a - a +1 flail (weapon)
Armour
 b - a +0 robe (worn)
 c - a +0 kite shield (worn)
Jewellery
 l - the amulet "Seotyzer" (around neck) {Reflect -Tele rElec Int+5 SH+5}
   (You took it off an orc on level 3 of the Dungeon)

   [amulet of reflection]

   It reflects blocked missile attacks.
   Int:       It affects your intelligence (+5).
   rElec:     It insulates you from electricity.
   -Tele:     It prevents most forms of teleportation.
   SH:        It affects your SH (+5).
Wands
 j - a wand of acid (6)
Scrolls
 k - 2 scrolls of fog
 m - a scroll of enchant weapon
 n - a scroll of amnesia
 o - 2 scrolls of teleportation
 p - a scroll of vulnerability {unknown}
 q - a scroll of immolation
 r - a scroll of identify
Potions
 d - 2 potions of might
 e - a potion of degeneration {unknown}
 f - 3 potions of heal wounds
 g - 4 potions of curing
 h - a potion of resistance {unknown}
 i - a potion of lignification


   Skills:
 + Level 3.5 Fighting
 + Level 4.8 Maces & Flails
 + Level 3.6 Dodging
 + Level 0.2 Stealth
 + Level 4.2 Shields


You had 6 spell levels left.
You didn't know any spells.
Your spell library contained the following spells:

 Spells                   Type           Power      Damage    Failure   Level
 Sting                    Tmut/Pois      0%         1d3       67%         1
 Poisonous Vapours        Pois/Air       0%         N/A       80%         2
 Olgreb's Toxic Radiance  Pois           0%         N/A       100%        4


Dungeon Overview and Level Annotations

Branches:
Dungeon (5/15)             Temple (0/1) D:4

Altars:
Nemelex Xobeh
Xom

Shops:
D:1 (


Innate Abilities, Weirdness & Mutations

You are too large for most types of armour.
You have claws for hands.
Your natural rate of healing is unusually fast.
You are covered in fur. (AC +1)
You have tough skin. (AC +1)


Message History

The adder bites you but does no damage.
You miss the adder.
The adder is heavily wounded.
The adder barely misses you. The adder bites you.
You thump the adder!
You kill the adder!
HP restored.
A steam dragon comes into view.
The steam dragon breathes steam at you. The ball of steam hits you!!
A jelly comes into view.
The jelly quivers.
You closely miss the steam dragon.
The steam dragon bites you but does no damage.
The steam dragon claws you.
You closely miss the steam dragon. You block the steam dragon's attack.
The steam dragon claws you. The steam dragon breathes steam at you.
The ball of steam hits you!!
You closely miss the steam dragon.
You are engulfed in a cloud of scalding steam.
* * * LOW HITPOINT WARNING * * *
The steam dragon bites you but does no damage.
You block the steam dragon's attack.
You closely miss the steam dragon. The jelly hits you.
* * * LOW HITPOINT WARNING * * *
You are splashed with acid!
* * * LOW HITPOINT WARNING * * *
You block the steam dragon's attack. The steam dragon claws you.
* * * LOW HITPOINT WARNING * * *
You closely miss the steam dragon. You block the jelly's attack.
You block the steam dragon's attack. The steam dragon claws you.
* * * LOW HITPOINT WARNING * * *
You hit the steam dragon.
The steam dragon is lightly wounded.
The jelly hits you.
* * * LOW HITPOINT WARNING * * *
You are splashed with acid.
You die...
Your body disappears without a glow.

####### #...<.#
############# #.....#
##.....#.....## #.....#
#.....D@.....§###.....##
......J........##.......
..............§##.....##
...............##.......
...............##.....#.
...................#####
...............###......
#.............## #######
..#.....##


You could see a steam dragon (catching breath) and a jelly.

Vanquished Creatures
  Menkaure (D:4)
  2 phantoms (D:4)
  A necrophage (D:4)
  A scorpion (D:3)
  2 hounds
  Jessica (D:2)
  4 gnolls
  5 adders
  5 worms
  3 dart slugs
  11 orcs (D:3)
  7 endoplasms
  5 giant cockroaches
  4 goblins (D:3)
  7 hobgoblins
  4 jackals (D:2)
  8 kobolds
  2 quokkas
  7 ball pythons
  5 bats
  7 frilled lizards
  9 rats
101 creatures vanquished.

Notes
Turn   | Place    | Note
-------+----------+-------------------------------------------
     0 | D:1      | Jortsu the Troll Fighter began the quest for the Orb.
     0 | D:1      | Reached XP level 1. HP: 22/22 MP: 0/0
   118 | D:1      | Found Xazir's Antique Weapon Shop.
   184 | D:1      | Reached XP level 2. HP: 29/29 MP: 1/1
   770 | D:2      | Noticed Jessica
   791 | D:2      | Reached XP level 3. HP: 4/36 MP: 2/2
   791 | D:2      | Killed Jessica
   905 | D:2      | Reached XP level 4. HP: 36/44 MP: 3/3
  1574 | D:3      | Reached XP level 5. HP: 50/52 MP: 4/4
  1630 | D:3      | Identified the amulet "Seotyzer" {Reflect -Tele rElec Int+5
                  | SH+5}
  1840 | D:3      | Found a faded altar of an unknown god.
  1857 | D:3      | Prayed at the altar of an unknown god.
  1857 | D:3      | Became a worshipper of Nemelex Xobeh the Trickster
  1857 | D:3      | Reached * piety under Nemelex Xobeh
  2278 | D:3      | Received a gift from Nemelex Xobeh
  2581 | D:4      | Reached XP level 6. HP: 57/61 MP: 5/5
  2675 | D:4      | Found a staircase to the Ecumenical Temple.
  2904 | D:4      | Noticed Menkaure
  2914 | D:4      | Killed Menkaure
  2915 | D:4      | Reached XP level 7. HP: 30/67 MP: 6/6
  3300 | D:5      | Entered Level 5 of the Dungeon
  3344 | D:5      | Reached ** piety under Nemelex Xobeh
  3363 | D:5      | Found a shimmering altar of Xom.
  3433 | D:5      | Noticed a steam dragon
  3441 | D:5      | HP: 2/67 [steam dragon (3)]
  3443 | D:5      | Splashed by a jelly's acid

Illustrated notes

Levels and vault maps discovered:
D:1:      erik_arrival_blinker_ship, layout_loops_ring, serial_shops, shop
D:2:      layout_loops_ring, kennysheep_generic_room_4, uniq_jessica
D:3:      layout_basic, ebering_ecumenical_altar_ruins, minmay_joined_circles
D:4:      layout_loops_cross, minmay_temple_entry_junction, uniq_menkaure
D:5:      layout_rooms, old_standard_altar, ebering_ghost_reflecting_pool

Skill      XL: |  1  2  3  4  5  6 |
---------------+-------------------+-----
Maces & Flails | 2 3 4 |  4.8
Dodging        | 3 |  3.6
Shields        | 3 4 |  4.2
Fighting       | 3 |  3.5
Stealth        | |  0.2

Action                   |  1- 3 |  4- 6 |  7- 9 || total
-------------------------+-------+-------+-------++-------
Melee: Flail             |   124 |   224 |    21 ||   369
  Use: Scroll            |     4 |     5 |     1 ||    10
Armor: Robe              |    91 |    46 |     8 ||   145
Dodge: Dodged            |   105 |    68 |     6 ||   179
Block: Kite shield       |   101 |   119 |     9 ||   229
       Reflection        |       |     3 |       ||     3

Table legend: (Time is in decaauts)
 A = Elapsed time spent in this place.
 B = Non-inter-level travel time spent in this place.
 C = Inter-level travel time spent in this place.
 D = Time resting spent in this place.
 E = Time spent auto-exploring this place.
 F = Levels seen in this place.
 G = Mean time per level.
                   A        B        C        D        E       F      G
               +--------+--------+--------+--------+--------+-----+--------+
         Total |   3584 |   3523 |     61 |    399 |   2116 |   5 |  716.8 |
       Dungeon |   3584 |   3523 |     61 |    399 |   2116 |   5 |  716.8 |
               +--------+--------+--------+--------+--------+-----+--------+

Top non-repeatable levels by time:
     D:3: 1110 daAuts
     D:2: 882 daAuts
     D:4: 747 daAuts
     D:1: 697 daAuts
     D:5: 146 daAuts
